 Dungeon Crawl Stone Soup version 0.32-a0-616-g9348d4545b (webtiles) character file.

Game seed: 3660015794573700630

121863 Drazool the Marksgoblin (level 16, -4/127 HPs)
             Began as a Coglin Hunter on Mar 5, 2024.
             Was an Initiate of Gozag.
             Slain by Jorgrun
             ... wielding a staff of earth
              (15 damage)
             ... while petrified by Jorgrun
             ... on level 1 of the Spider Nest.
             The game lasted 01:36:11 (27465 turns).

Drazool the Marksgoblin (Coglin Hunter)            Turns: 27465, Time: 01:36:12

Health: -4/127     AC: 17    Str: 13    XL:     16   Next: 86%
Magic:  16/16      EV:  2    Int: 10    God:    Gozag
Gold:   9224       SH:  0    Dex: 28    Spells: 15/15 levels left

rFire   . . .        l - +7 hand cannon (heavy) {Nimrit}
rCold   . . .        P - +7 sling "Xom's Ringing Laughter" {heavy, Str+2}
rNeg    + + +        b - +3 leather armour "Plog" {Slay+3}
rPois   ∞            J - +2 helmet
rElec   +            d - +0 cloak of Enehefuups {Harm rElec rPois Dex+3}
rCorr   .            k - +1 pair of gloves
SInv    .            L - +1 pair of boots {Stlth+}
Will    +....        (amulet unavailable)
Stlth   ++++         (ring unavailable)
HPRegen 0.41/turn    (ring unavailable)
MPRegen 0.15/turn    a
                       - N-50 geosubsystem {rElec Slay+3 Clar RMsl}

%: harm (+30% outgoing, +20% incoming), repel missiles, clarity
@: petrified, grasped by roots, constricted, revving
A: off-hand wielding, slow wielding, warmup strikes, no jewellery
a: Renounce Religion, Potion Petition, Call Merchant, Bribe Branch


You were on level 1 of the Spider Nest.
You worshipped Gozag.
Gozag was greatly pleased with you.
You visited 5 branches of the dungeon, and saw 24 of its levels.
You also visited: Bailey, Gauntlet and Ice Cave.

You collected 11535 gold pieces.
You spent 1051 gold pieces at shops.
You paid 1260 gold pieces to Gozag.


Innate Abilities, Weirdness & Mutations

You can wield a second weapon in your off-hand.
It takes a long time for you to wield or remove held weapons.
Your first few attacks do less damage.
You cannot equip rings or amulets.


   Skills:
 - Level 12.0 Fighting
 - Level 18.0 Ranged Weapons
 - Level 10.5 Armour
 + Level 14.2 Dodging
 - Level 3.0 Stealth
 - Level 8.0 Evocations


You had 15 spell levels left.
You didn't know any spells.
Your spell library contained the following spells:

 Spells                   Type           Power      Damage    Failure   Level
 Kiss of Death            Conj/Necr      0%         2d5       41%         1
 Necrotise                Necr           0%         1d4       41%         1
 Slow                     Hex            0%         N/A       41%         1
 Blink                    Tloc           0%         N/A       56%         2
 Call Imp                 Summ           0%         N/A       56%         2
 Ensorcelled Hibernation  Hex/Ice        0%         N/A       56%         2
 Lesser Beckoning         Tloc           0%         N/A       56%         2
 Momentum Strike          Conj/Tloc      0%         3d8       56%         2
 Scorch                   Fire           0%         2d5       56%         2
 Sublimation of Blood     Necr           0%         N/A       56%         2
 Confusing Touch          Hex            0%         N/A       80%         3
 Dazzling Flash           Conj/Hex       0%         N/A       80%         3
 Hailstorm                Conj/Ice       0%         3d5       80%         3
 Mephitic Cloud           Conj/Alch/Air  0%         N/A       80%         3
 Passwall                 Erth           0%         N/A       80%         3
 Sigil of Binding         Hex            0%         N/A       80%         3
 Summon Ice Beast         Ice/Summ       0%         N/A       80%         3
 Swiftness                Air            0%         N/A       80%         3
 Tukima's Dance           Hex            0%         N/A       80%         3
 Vampiric Draining        Necr           0%         2d6       80%         3
 Dispel Undead            Necr           0%         3d6       99%         4
 Flame Wave               Conj/Fire      0%         2d4       99%         4
 Leda's Liquefaction      Alch/Erth      0%         N/A       99%         4
 Martyr's Knell           Necr/Summ      0%         N/A       99%         4
 Passage of Golubria      Tloc           0%         N/A       99%         4
 Alistair's Intoxication  Alch           0%         N/A       100%        5
 Borgnjor's Vile Clutch   Necr/Erth      0%         N/A       100%        5
 Curse of Agony           Necr           0%         N/A       100%        5
 Lee's Rapid Deconstruct  Erth           0%         3d4*      100%        5
 Silence                  Hex/Air        0%         N/A       100%        5
 Summon Forest            Summ/Tloc      0%         N/A       100%        5
 Summon Mana Viper        Hex/Summ       0%         N/A       100%        5
 Yara's Violent Unravell  Hex/Alch       0%         3d3       100%        5
 Bombard                  Conj/Erth      0%         9d1       100%        6
 Eringya's Noxious Bog    Alch           0%         4d6       100%        6
 Sculpt Simulacrum        Ice/Alch       0%         N/A       100%        6
 Summon Cactus Giant      Summ           0%         N/A       100%        6
 Summon Hydra             Summ           0%         N/A       100%        7

Inventory:

Hand Weapons
 l - a +7 heavy hand cannon (weapon) {Nimrit}
 P - the +7 sling "Xom's Ringing Laughter" (offhand) {heavy, Str+2}
   (You acquired it on level 2 of the Lair of Beasts)

   Str+2:     It affects your strength (+2).
Missiles
 w - 7 curare-tipped darts {=f}
 F - 2 throwing nets {=f}
Armour
 b - the +3 leather armour "Plog" (worn) {Slay+3}
   (You bought it in a shop on level 9 of the Dungeon)

   Slay+3:    It affects your accuracy & damage with ranged weapons and melee
   (+3).
 d - the +0 cloak of Enehefuups (worn) {Harm rElec rPois Dex+3}
   (You found it in a Gauntlet)

   Dex+3:     It affects your dexterity (+3).
   rElec:     It insulates you from electricity.
   rPois:     It protects you from poison.
   Harm:      It increases damage dealt and taken.
 k - a +1 pair of gloves (worn)
 p - a +1 pair of boots
 B - a +2 cloak
 J - a +2 helmet (worn)
 L - a +1 pair of boots of stealth (worn)
 S - a +0 pair of boots of rampaging
Magical Staves
 U - the staff "Faar Nen" {rF+ rCorr Str-3 Int-3 Conj Fire, !a}
   (You found it in a Gauntlet)

   [staff of fire]

   Base accuracy: +5 Base damage: 5 Base attack delay: 1.2 This weapon's minimum
   attack delay (0.6) is reached at skill level 12.
   Str-3:     It affects your strength (-3).
   Int-3:     It affects your intelligence (-3).
   rF+:       It protects you from fire.
   rCorr:     It protects you from acid and corrosion.
   Conj:      It increases the power of your Conjurations spells.
   Fire:      It increases the power of your Fire spells.
   It falls into the 'Staves' category.
   It is a one-graspered weapon.
Gizmo
 a - a N-50 geosubsystem (installed) {rElec Slay+3 Clar RMsl}
   (You invented it yourself on level 4 of the Lair of Beasts)

   [N-50 geosubsystem]

   Slay+3:    It affects your accuracy & damage with ranged weapons and melee
   (+3).
   rElec:     It insulates you from electricity.
   Clar:      It protects you from confusion, rage, mesmerisation and fear.
   RMsl:      It protects you from missiles.
Wands
 e - a wand of charming (23)
 m - a wand of warping (26)
 A - a wand of flame (24)
 C - a wand of light (13)
 T - a wand of polymorph (9)
 V - a wand of digging (2)
Scrolls
 c - 4 scrolls of blinking
 f - 2 scrolls of noise
 j - 7 scrolls of teleportation {@r2}
 n - 6 scrolls of vulnerability
 o - 4 scrolls of poison
 q - 6 scrolls of immolation
 y - 3 scrolls of amnesia
 G - 3 scrolls of fear
 H - a scroll of silence {!r}
 I - 2 scrolls of butterflies
 Q - 9 scrolls of identify {@r1}
 R - 4 scrolls of fog
 Y - a scroll of revelation
Potions
 g - 6 potions of heal wounds {@q2}
 h - 2 potions of invisibility
 i - 4 potions of cancellation
 r - 6 potions of curing {@q1}
 s - 3 potions of magic
 t - 5 potions of enlightenment
 u - 3 potions of haste {@q3}
 v - 5 potions of mutation
 x - 3 potions of might
 z - a potion of lignification
 D - 4 potions of brilliance
 E - 4 potions of ambrosia
 M - 2 potions of berserk rage {!q}
 W - a potion of attraction {unknown}
 Z - a potion of resistance {unknown}
Miscellaneous
 K - a phantom mirror
 N - a sack of spiders
 O - a phial of floods
 X - a lightning rod (4/4)

Dungeon Overview and Level Annotations

Branches:
Dungeon (15/15)            Temple (1/1) D:5            Lair (5/5) D:8
  Swamp (0/4) Lair:3       Spider (1/4) Lair:3        Slime (0/5) Lair:4
    Orc (2/2) D:9             Elf (0/3) Orc:2        Vaults (0/5) D:13
 Depths (0/4) D:15         Bailey (visited)           IceCv (visited)
Gauntlet (visited)

Altars:
Ashenzari
Cheibriados
Dithmenos
Elyvilon
Fedhas
Gozag
Hepliaklqana
Kikubaaqudgha
Makhleb
Nemelex Xobeh
Okawaru
Qazlal
Ru
Sif Muna
Trog
Uskayaw
Vehumet
Wu Jian
Xom
Yredelemnul
Zin
The Shining One
Beogh
Jiyva

Shops:
D:7 ?   D:8 *   D:9 ?((:*?   Orc:2 =([!

Annotations:
D:10 3 runed translucent doors, LobsterGuardian's ghost, journeyman CoAl; Snorg
Spider:1 Jorgrun
Orc:1 2 transporters, Hiush's ghost, journeyman OnGl

##.^##
##..#......
##...##.....
##...##
##... ###
##...## .#
#..###...##
# #......##
#.....##
##.@.##
#..g## #....
##....
...#^.
#...##..
#...# #..
#.... ##.


You could see Jorgrun.


Message History

Roots burst forth from the earth!
The grasping roots grab you! The grasping roots constrict you!
You have turned to stone.
Jorgrun gestures at you while chanting.
You shatter!!
* * * LOW HITPOINT WARNING * * *
The grasping roots constrict you.
* * * LOW HITPOINT WARNING * * *
The grasping roots constrict you.
* * * LOW HITPOINT WARNING * * *
Jorgrun hits you with a staff of earth!
* * * LOW HITPOINT WARNING * * *
The ground beneath you fractures!
* * * LOW HITPOINT WARNING * * *
The grasping roots constrict you. Jorgrun hits you but does no damage.
The ground beneath you fractures!!
* * * LOW HITPOINT WARNING * * *
The grasping roots constrict you.
* * * LOW HITPOINT WARNING * * *
Jorgrun hits you but does no damage. The grasping roots constrict you.
Jorgrun hits you with a staff of earth.
* * * LOW HITPOINT WARNING * * *
The ground beneath you fractures!
* * * LOW HITPOINT WARNING * * *
The grasping roots constrict you. Jorgrun hits you with a staff of earth!
* * * LOW HITPOINT WARNING * * *
The ground beneath you fractures!!
You die...
Your body crumbles into a pile of gold.

Skill      XL: |  1  2  3  4  5  6  7  8  9 10 11 12 13 14 15 16 |
---------------+-------------------------------------------------+-----
Ranged Weapons | 4 5 6 7 8 10 11 12 14 15 18 | 18.0
Fighting       | 7 8 11 12 | 12.0
Dodging        | 6 8 10 14 | 14.2
Evocations     | 6 7 8 |  8.0
Armour         | 3 4 6 10 | 10.5
Stealth        | 3 |  3.0

Action                     |  1- 3 |  4- 6 |  7- 9 | 10-12 | 13-15 | 16-18 || total
---------------------------+-------+-------+-------+-------+-------+-------++-------
   Fire: Sling             |    96 |   218 |   606 |  1153 |   660 |   203 ||  2936
         Hand cannon       |       |       |       |    83 |   660 |   203 ||   946
  Throw: Dart              |       |       |     1 |     1 |       |       ||     2
 Invoke: Potion Petition   |       |       |       |     1 |       |       ||     1
         Call Merchant     |       |       |       |     1 |       |       ||     1
Ability: Invent Gizmo      |       |       |       |       |     1 |       ||     1
  Evoke: Wand              |       |     7 |     8 |    22 |       |       ||    37
    Use: Scroll            |       |       |    10 |    22 |     7 |     2 ||    41
         Potion            |       |       |     2 |     5 |     1 |     2 ||    10
 Armour: Leather armour    |     4 |    20 |    58 |   132 |    66 |    95 ||   375
         Skin              |       |       |       |    25 |       |       ||    25
  Dodge: Dodged            |     6 |    11 |    37 |   136 |   109 |   171 ||   470
         Repelled          |       |       |       |       |    10 |     3 ||    13

Levels and vault maps discovered:
D:1:      dpeg_arrival_rooms_with_view, layout_basic, basic_ecumenical_altar,
          serial_rivers, chequers_serial_rivers_micro_a,
          chequers_serial_rivers_room_a, chequers_serial_rivers_micro_a,
          chequers_serial_rivers_small_a, chequers_serial_rivers_marsh,
          chequers_serial_rivers_room_a
D:2:      minmay_recursive_quarters, layout_basic, dreamdust_mushroom_princess,
          uniq_natasha
D:3:      layout_basic, serial_park_tiny_pond, minmay_liquid_box, uniq_terence
D:4:      layout_layer_cave, minmay_hedge_maze
D:5:      layout_rooms, minmay_temple_entry_butterflies, serial_demonic,
          serial_demonic_c, serial_demonic_g, serial_demonic_g,
          serial_demonic_c, hangedman_decor_peaks_small
D:6:      layout_basic, nicolae_ru_sacrificial_ziggurat
D:7:      layout_cave_pools, fedhas_altar_3,
          mainiacjoe_overflow_surrounded_room,
          mainiacjoe_overflow_small_starburst, marbit_many_paths, serial_shops,
          kennysheep_mini_moat
D:8:      layout_basic, mainiacjoe_overflow_catch_the_wave,
          due_lair_maze_entry_diamond, enter_bailey_3, serial_shops, shop,
          minmay_shattered_shrine
D:9:      layout_roguey, erik_orc_2, serial_shops, nicolae_shop_hallway_stairs,
          nicolae_square_shop, nicolae_shop_tiny_glass, shop, shop,
          serial_aquarium, aquarium_bridge_square [aquarium_subvault_bridge,
          aquarium_subvault_window, aquarium_subvault_window,
          aquarium_subvault_bridge], aquarium_bridge_straight
          [aquarium_subvault_bridge, aquarium_subvault_wall,
          aquarium_subvault_bridge, aquarium_subvault_wall],
          aquarium_window_corridor_3, aquarium_window_fake, aquarium_window_2,
          aquarium_window_corner, aquarium_view_2d, aquarium_view_2b,
          aquarium_balcony_double_3, minivault_7, uniq_harold, uniq_jeremiah,
          uniq_psyche
D:10:     layout_gridville, ebering_ghost_gozag, uniq_erica, uniq_snorg
D:11:     layout_roguey, uniq_sonja
D:12:     layout_basic, special_room [special_room_orc], portal_ice_cave_rime
D:13:     layout_roguey, grunt_vaults_entry_tiered
D:14:     layout_layer_cave, hex_tiny, minmay_starry_boxes, uniq_nessos,
          uniq_frances, uniq_agnes
D:15:     grunt_enter_depths_hoard, layout_long_grid, serial_park_fountain
Temple:   regret_index_temple_waves
Lair:1:   layout_cave_pods, infiniplex_staircase_pool_2, grunt_megastairs_5
Lair:2:   layout_long_grid, nicolae_lair_grazing_beasts
          [nicolae_sub_lair_graze_edge, nicolae_sub_lair_graze_edge,
          nicolae_sub_lair_graze_edge, nicolae_sub_lair_graze_edge]
Lair:3:   layout_cave_pods, alex1729_swamp_entry_worm_eleionoma,
          hellmonk_spider_entry_life_and_decay, grunt_megastairs_2,
          infiniplex_staircase_pool
Lair:4:   layout_misc_corridors, minmay_slime_entry_oklob_enclosed,
          gauntlet_entry_generic
Lair:5:   minmay_lair_end_enchanted_forest, layout_misc_corridors,
          nicolae_lair_run_with_the_wolves
Spider:1: layout_cave_pods, uniq_roxanne, uniq_jorgrun, uniq_azrael
Orc:1:    layout_caves, gammafunk_ghost_wrathful_warriors,
          regret_index_minedec_devilstone, uniq_josephine, uniq_fannar,
          uniq_maurice
Orc:2:    grunt_orc_community_town_hall, layout_caves,
          grunt_orc_community_big_house_2, grunt_orc_community_big_house_2,
          grunt_orc_community_house_3, grunt_orc_community_house_3,
          grunt_orc_community_house_1, grunt_orc_community_house_3,
          grunt_orc_community_house_1, grunt_orc_community_house_2,
          dreamdust_deal_with_the_devil, regret_index_minedec_shroomtown_chain

Notes
Turn   | Place    | Note
-------+----------+-------------------------------------------
     0 | D:1      | Drazool the Coglin Hunter began the quest for the Orb.
     0 | D:1      | Reached XP level 1. HP: 16/16 MP: 1/1
   140 | D:1      | Reached skill level 4 in Ranged Weapons
   140 | D:1      | Reached XP level 2. HP: 22/22 MP: 2/2
   270 | D:1      | Found a faded altar of an unknown god.
   695 | D:2      | Noticed Natasha
   706 | D:2      | Killed Natasha
   707 | D:2      | Reached XP level 3. HP: 23/27 MP: 3/3
   879 | D:2      | Noticed Natasha
   884 | D:2      | Killed Natasha
   885 | D:2      | Reached skill level 5 in Ranged Weapons
   885 | D:2      | Reached XP level 4. HP: 21/33 MP: 4/4
  1291 | D:2      | Noticed Natasha
  1297 | D:2      | Killed Natasha
  1298 | D:2      | Reached XP level 5. HP: 27/38 MP: 5/5
  1691 | D:3      | Noticed Terence
  1694 | D:3      | Terence changed into Terence the gnoll
  1694 | D:3      | Noticed Terence
  1704 | D:3      | Killed Terence the gnoll
  2033 | D:3      | Reached skill level 6 in Ranged Weapons
  2662 | D:4      | Identified the +6 spear "Echurch" {holy, Fly rPois}
  2711 | D:4      | Reached XP level 6. HP: 44/44 MP: 6/6
  2886 | D:4      | Reached skill level 7 in Ranged Weapons
  3281 | D:4      | Reached XP level 7. HP: 50/50 MP: 7/7
  3760 | D:5      | Entered Level 5 of the Dungeon
  3861 | D:5      | Reached skill level 8 in Ranged Weapons
  3896 | D:5      | Found a staircase to the Ecumenical Temple.
  3931 | Temple   | Entered the Ecumenical Temple
  3960 | Temple   | Became a worshipper of Gozag Ym Sagoz the Greedy
  4058 | D:5      | Reached XP level 8. HP: 56/56 MP: 8/8
  4077 | D:5      | Reached skill level 9 in Ranged Weapons
  4711 | D:5      | Reached skill level 10 in Ranged Weapons
  5191 | D:6      | Found a sacrificial altar of Ru.
  5604 | D:7      | Reached XP level 9. HP: 57/61 MP: 9/9
  5627 | D:7      | Reached skill level 11 in Ranged Weapons
  5837 | D:7      | Found an iron altar of Okawaru.
  5867 | D:7      | Found Yloy's Magic Scroll Boutique.
  5870 | D:7      | Bought a scroll of identify for 32 gold pieces
  5870 | D:7      | Bought a scroll of identify for 32 gold pieces
  5870 | D:7      | Bought a scroll of identify for 32 gold pieces
  5889 | D:7      | Found a blossoming altar of Fedhas.
  5952 | D:7      | Found an ornate altar of the Wu Jian Council.
  5981 | D:7      | Noticed a boulder beetle
  5987 | D:7      | Found a glowing silver altar of Zin.
  6318 | D:8      | Found a flagged portal.
  6329 | Bailey   | Entered a bailey
  6336 | Bailey   | Noticed an orc warlord
  6531 | Bailey   | Found a runed translucent gate.
  6533 | Bailey   | Found a runed translucent gate.
  6535 | Bailey   | Found a runed translucent gate.
  7084 | D:8      | Reached skill level 7 in Fighting
  7084 | D:8      | Reached skill level 6 in Dodging
  7084 | D:8      | Reached skill level 6 in Evocations
  7084 | D:8      | Reached XP level 10. HP: 79/79 MP: 10/10
  7144 | D:8      | Found Oliklu Bonu's Assorted Antiques.
  7151 | D:8      | Bought a scroll labelled ZUFIRA PITIMI for 26 gold pieces
  7172 | D:8      | Found a sparkling altar of Nemelex Xobeh.
  7207 | D:8      | Reached skill level 12 in Ranged Weapons
  7300 | D:8      | Found a staircase to the Lair.
  7569 | D:8      | Killed an unseen horror
  7598 | D:8      | Identified the +4 hand axe of Terra Nullius {drain, rF-
                  | Str+3 Int+7 Stlth+}
  8005 | D:8      | Noticed a centaur warrior
  8012 | D:8      | Killed a centaur warrior
  8013 | D:8      | Reached XP level 11. HP: 31/84 MP: 11/11
  8065 | D:8      | Reached skill level 13 in Ranged Weapons
  8244 | D:8      | Found a shimmering altar of Xom.
  8322 | D:8      | Noticed a cyclops
  8336 | D:8      | Killed a cyclops
  8958 | D:9      | Found a staircase to the Orcish Mines.
  9198 | D:9      | Found Imaos's Book Shoppe.
  9203 | D:9      | Found Buewkyheh's Assorted Antiques.
  9215 | D:9      | Bought a bloodstained leather armour for 182 gold pieces
  9215 | D:9      | Identified the +3 leather armour "Plog" {Slay+3} (You
                  | bought it in a shop on level 9 of the Dungeon)
  9215 | D:9      | Bought a scroll of identify for 52 gold pieces
  9397 | D:9      | Found Acisucisch's Magic Scroll Emporium.
  9400 | D:9      | Bought a scroll of identify for 30 gold pieces
  9400 | D:9      | Bought a scroll of identify for 30 gold pieces
  9400 | D:9      | Bought a scroll of blinking for 112 gold pieces
  9401 | D:9      | Identified 2 scrolls of acquirement
  9402 | D:9      | Acquired 1018 gold pieces
  9407 | D:9      | Acquired 864 gold pieces
  9447 | D:9      | Reached skill level 14 in Ranged Weapons
  9662 | D:9      | Noticed Psyche
  9666 | D:9      | Noticed Jeremiah
  9667 | D:9      | Killed Psyche
  9668 | D:9      | Reached skill level 8 in Fighting
  9670 | D:9      | Killed Jeremiah
  9671 | D:9      | Reached skill level 7 in Dodging
  9773 | D:9      | Found Xubrosopn's Antique Weapon Boutique.
  9820 | D:9      | Noticed Harold
  9833 | D:9      | Killed Harold
  9983 | D:9      | Found Pamidd's Magic Scroll Emporium.
 10005 | D:9      | Reached skill level 8 in Dodging
 10038 | D:9      | Bought a scroll of brand weapon for 142 gold pieces
 10038 | D:9      | Bought a scroll of identify for 30 gold pieces
 10227 | D:9      | Reached skill level 7 in Evocations
 10231 | D:9      | Reached skill level 1 in Armour
 10402 | D:10     | Entered Level 10 of the Dungeon
 10451 | D:10     | Reached skill level 2 in Armour
 10507 | D:10     | Noticed Erica
 10511 | D:10     | Killed Erica
 10512 | D:10     | Reached skill level 3 in Armour
 10512 | D:10     | Reached XP level 12. HP: 85/92 MP: 12/12
 10646 | D:10     | Found a runed translucent gate.
 10647 | D:10     | Found a runed translucent gate.
 10647 | D:10     | Found an opulent altar of Gozag.
 10648 | D:10     | Found a runed translucent gate.
 10849 | D:10     | Reached skill level 4 in Armour
 10849 | D:10     | Reached skill level 1 in Stealth
 11081 | D:10     | Noticed a stone giant
 11081 | D:10     | Noticed LobsterGuardian's ghost (journeyman CoAl)
 11081 | D:10     | Noticed a centaur warrior
 11219 | D:10     | Noticed Snorg
 11544 | Lair:1   | Entered Level 1 of the Lair of Beasts
 11576 | Lair:1   | Reached skill level 2 in Stealth
 11631 | Lair:1   | Reached skill level 3 in Stealth
 11700 | Lair:1   | Acquired a +0 heavy hand cannon
 11762 | Lair:1   | Noticed a boulder beetle
 11767 | Lair:1   | Killed a boulder beetle
 12498 | Lair:1   | Reached skill level 15 in Ranged Weapons
 13038 | Lair:2   | Reached XP level 13. HP: 98/98 MP: 13/13
 13110 | Lair:2   | Reached skill level 16 in Ranged Weapons
 13190 | Lair:2   | Identified the orb of Raugalol {mayhem, rC+}
 13450 | Lair:2   | Acquired the +7 sling "Xom's Ringing Laughter" {heavy,
                  | Str+2}
 13892 | D:7      | Bought a scroll of enchant armour for 120 gold pieces
 13892 | D:7      | Bought a scroll of fog for 64 gold pieces
 13982 | D:9      | Bought a scroll of enchant weapon for 112 gold pieces
 14244 | Lair:3   | Found a hole to the Spider Nest.
 14259 | Lair:3   | Found a staircase to the Swamp.
 14259 | Lair:3   | Noticed an eleionoma
 14270 | Lair:3   | Reached skill level 17 in Ranged Weapons
 14272 | Lair:3   | Killed an eleionoma
 15421 | Lair:4   | Reached skill level 18 in Ranged Weapons
 15438 | Lair:4   | Reached XP level 14. HP: 99/106 MP: 14/14
 15442 | Lair:4   | Reached skill level 9 in Fighting
 15444 | Lair:4   | Acquired a N-50 geosubsystem {rElec Slay+3 Clar RMsl}
 15463 | Lair:4   | Found a gate leading to a gauntlet.
 15472 | Gauntlet | Entered a Gauntlet
 15472 | Gauntlet | Found a transporter.
 15479 | Gauntlet | Found a transporter.
 15481 | Gauntlet | Found a transporter.
 15492 | Gauntlet | Found a transporter.
 15495 | Gauntlet | Found a transporter.
 15504 | Gauntlet | Found a transporter.
 15519 | Gauntlet | Found a runed translucent door.
 15520 | Gauntlet | Found a transporter.
 15521 | Gauntlet | Found a runed translucent door.
 15531 | Gauntlet | Found a transporter.
 15541 | Gauntlet | Found a transporter.
 15556 | Gauntlet | Found a transporter.
 15571 | Gauntlet | Found a transporter.
 15571 | Gauntlet | Found a transporter.
 15613 | Gauntlet | Found a transporter.
 15627 | Gauntlet | Found a transporter.
 15753 | Gauntlet | Identified the +0 cloak of Enehefuups {Harm rElec rPois
                  | Dex+3}
 15871 | Gauntlet | Reached skill level 10 in Fighting
 15882 | Gauntlet | Identified the staff "Faar Nen" {rF+ rCorr Str-3 Int-3 Conj
                  | Fire}
 16362 | Lair:4   | Found a viscous altar of Jiyva.
 16559 | Lair:4   | Found a staircase to the Slime Pits.
 16817 | Lair:5   | Entered Level 5 of the Lair of Beasts
 17072 | Lair:5   | Reached skill level 9 in Dodging
 17640 | Lair:5   | Reached skill level 10 in Dodging
 17866 | Lair:5   | Reached skill level 5 in Armour
 17886 | Lair:5   | Reached skill level 6 in Armour
 17952 | Lair:5   | Reached skill level 8 in Evocations
 18112 | Lair:5   | Reached skill level 11 in Fighting
 18115 | Lair:5   | Reached XP level 15. HP: 119/119 MP: 15/15
 18269 | Lair:5   | Reached skill level 12 in Fighting
 18767 | Lair:5   | Reached skill level 7 in Armour
 19156 | Orc:1    | Entered Level 1 of the Orcish Mines
 19163 | Orc:1    | Noticed Josephine
 19168 | Orc:1    | Killed Josephine
 19241 | Orc:1    | Found a bloodstained altar of Trog.
 19241 | Orc:1    | Noticed Hiush's ghost (journeyman OnGl)
 19250 | Orc:1    | Found a transporter.
 19268 | Orc:1    | Found a burning altar of Makhleb.
 19270 | Orc:1    | Noticed Fannar
 19274 | Orc:1    | Killed Fannar
 19275 | Orc:1    | Reached skill level 8 in Armour
 19301 | Orc:1    | Found a transporter.
 19495 | Orc:1    | Noticed Maurice
 19506 | Orc:1    | Killed Maurice
 19592 | Orc:1    | Found a roughly hewn altar of Beogh.
 19831 | Orc:2    | Entered Level 2 of the Orcish Mines
 20202 | Orc:2    | Noticed an orc warlord
 20405 | Orc:2    | Reached skill level 9 in Armour
 20410 | Orc:2    | Killed an orc warlord
 20513 | Orc:2    | Found Toox's Antique Weapon Emporium.
 20514 | Orc:2    | Found a roughly hewn altar of Beogh.
 20522 | Orc:2    | Found Vawyiraf's Antique Armour Shoppe.
 20795 | Orc:2    | Found a roughly hewn altar of Beogh.
 20810 | Orc:2    | Found Hootos's Jewellery Shop.
 20864 | Orc:2    | Found a roughly hewn altar of Beogh.
 20974 | Orc:2    | Found a roughly hewn altar of Beogh.
 21011 | Orc:2    | Found a staircase to the Elven Halls.
 21121 | Orc:2    | Found a roughly hewn altar of Beogh.
 21175 | Orc:2    | Found Aqon's Distillery.
 21185 | Orc:2    | Bought a potion of heal wounds for 55 gold pieces
 21500 | Orc:2    | Found a roughly hewn altar of Beogh.
 21745 | D:11     | Noticed Sonja
 21888 | D:11     | Killed Sonja
 21889 | D:11     | Reached skill level 10 in Armour
 22253 | D:11     | Identified the +3 ring mail of Quttait {Rampage rPois rF+}
 22537 | D:12     | Found a frozen archway.
 22548 | IceCv    | Entered an ice cave
 23091 | D:12     | Found a roughly hewn altar of Beogh.
 23630 | D:13     | You fall into a shaft and drop 1 floor!
 23661 | D:14     | Reached XP level 16. HP: 127/127 MP: 16/16
 23767 | D:14     | Reached skill level 11 in Dodging
 24108 | D:13     | Identified the +10 war axe of Sottid {freeze, rN+ SInv}
 24220 | D:13     | Found a gate to the Vaults.
 24234 | D:13     | Reached skill level 12 in Dodging
 24492 | D:14     | Noticed Agnes
 24496 | D:14     | Killed Agnes
 24611 | D:14     | Noticed Nessos
 24612 | D:14     | Killed Nessos
 25337 | D:14     | Noticed Frances
 25341 | D:14     | Killed Frances
 25454 | D:15     | Entered Level 15 of the Dungeon
 25570 | D:15     | Reached skill level 13 in Dodging
 25809 | D:15     | Identified the +0 leather armour of Ocakla Redusch {rC+
                  | Stlth+}
 26254 | D:15     | Found a staircase to the Depths.
 26694 | Spider:1 | Entered Level 1 of the Spider Nest
 27369 | Spider:1 | Noticed Roxanne
 27379 | Spider:1 | Reached skill level 14 in Dodging
 27388 | Spider:1 | Killed Roxanne
 27455 | Spider:1 | Noticed Jorgrun
 27465 | Spider:1 | HP: 11/127 [Jorgrun/staff of earth (6)]
 27465 | Spider:1 | Slain by Jorgrun

Vanquished Creatures
  Frances (D:14)
  Agnes (D:14)
  Roxanne (Spider:1)
  An orc warlord (Orc:2)
  Nessos (D:14)
  An eleionoma (Lair:3)
  A minotaur (Gauntlet)
  An entropy weaver (Spider:1)
  A fire dragon (D:15)
  Fannar (Orc:1)
  4 hydras
  Josephine (Orc:1)
  An ice dragon (D:15)
  Harold (D:9)
  2 vault guards (D:13)
  A catoblepas (Lair:5)
  4 centaur warriors
  5 boulder beetles
  Erica (D:10)
  A tengu warrior (D:15)
  An orc high priest (Orc:2)
  A demonic crawler (Spider:1)
  6 death yaks
  Sonja (D:11)
  A fire crab (Gauntlet)
  A skyshark (Lair:4)
  A sixfirhy (Gauntlet)
  A steelbarb worm (Lair:3)
  3 orc knights
  2 arcanists (D:13)
  5 cyclopes
  3 necromancers (D:13)
  4 wolf spiders
  3 oklob plants (Lair:4)
  17 ugly things
  A manticore (D:13)
  An orc sorcerer (Orc:2)
  19 elephants
  Maurice (Orc:1)
  A torpor snail (Lair:5)
  3 ice statues (IceCv)
  4 kobold blastminers (Orc:2)
  2 black mambas
  13 cane toads
  A kobold demonologist (D:11)
  8 rime drakes
  Jeremiah (D:9)
  2 unseen horrors
  A freezing wraith (D:14)
  An efreet (Gauntlet)
  9 komodo dragons
  6 trolls
  Psyche (D:9)
  A queen bee (D:9)
  8 polar bears
  5 hornets (Lair:5)
  A tarantella (Lair:3)
  20 dream sheep
  28 blink frogs
  10 slime creatures
  15 spriggans (Lair:5)
  8 jumping spiders
  3 vampires
  8 culicivoras
  7 wyverns
  A water elemental (D:15)
  18 humans (D:13)
  65 yaks
  3 shadows
  6 wraiths
  A dire elephant simulacrum (IceCv)
  6 wargs
  3 fire elementals (Gauntlet)
  12 vampire mosquitoes
  3 basilisks
  3 fire bats (Gauntlet)
  2 steam dragons (D:8)
  8 redbacks
  2 acid dragons
  12 water moccasins
  3 hell hounds (Gauntlet)
  A water moccasin (shapeshifter) (D:15)
  A hydra simulacrum (IceCv)
  7 black bears
  39 orc warriors
  A meliai simulacrum (D:15)
  2 ice beasts
  5 laughing skulls
  A sky beast (D:5)
  33 wolves
  5 ogres
  4 boggarts (Lair:5)
  7 centaurs
  7 kobold brigands
  15 bullfrogs
  A bullfrog (shapeshifter) (D:10)
  5 scorpions
  2 cane toad simulacra (IceCv)
  2 wights
  An elephant simulacrum (IceCv)
  17 killer bees (D:9)
  4 electric eels
  8 howler monkeys
  A bombardier beetle (D:5)
  5 hounds
  33 orc priests
  A gnoll bouda (D:6)
  2 jellies
  2 iguanas
  Natasha (thrice) (D:2)
  31 orc wizards
  2 polar bear simulacra (IceCv)
  A wolf simulacrum (IceCv)
  9 gnolls
  10 adders
  A shadow imp (D:5)
  4 white imps
  3 ufetubi (Gauntlet)
  2 dart slugs (D:3)
  A ribbon worm (D:5)
  104 orcs
  5 endoplasms
  2 giant cockroaches (D:2)
  19 goblins
  7 hobgoblins
  2 jackals (D:5)
  3 quokkas
  6 ball pythons
  6 bats
  3 frilled lizards
  32 kobolds
  5 rats
  A butterfly (D:5)
892 creatures vanquished.

Vanquished Creatures (collateral kills)
  A yak (D:10)
1 creature vanquished.

Vanquished Creatures (others)
  A gnoll sergeant (D:10)
1 creature vanquished.

Grand Total: 894 creatures vanquished

Table legend: (Time is in decaauts)
 A = Elapsed time spent in this place.
 B = Non-inter-level travel time spent in this place.
 C = Inter-level travel time spent in this place.
 D = Time resting spent in this place.
 E = Time spent auto-exploring this place.
 F = Levels seen in this place.
 G = Mean time per level.
                   A        B        C        D        E       F      G
               +--------+--------+--------+--------+--------+-----+--------+
         Total |  27714 |  25736 |   1978 |   3831 |  17351 |  27 | 1026.4 |
       Dungeon |  15902 |  14645 |   1257 |   1454 |  10850 |  15 | 1060.1 |
        Temple |     62 |      2 |     60 |      0 |      0 |   1 |   62.0 |
          Lair |   7715 |   7158 |    557 |   1579 |   4469 |   5 | 1543.0 |
   Spider Nest |    128 |    128 |      0 |      0 |     65 |   1 |  128.0 |
  Orcish Mines |   2512 |   2411 |    101 |    439 |   1545 |   2 | 1256.0 |
        Bailey |    610 |    610 |      0 |    224 |     89 |   1 |  610.0 |
      Ice Cave |    285 |    285 |      0 |    134 |     47 |   1 |  285.0 |
      Gauntlet |    496 |    496 |      0 |      0 |    285 |   1 |  496.0 |
               +--------+--------+--------+--------+--------+-----+--------+

Top non-repeatable levels by time:
  Lair:5: 2086 daAuts
     D:8: 1972 daAuts
  Lair:3: 1936 daAuts
     D:9: 1809 daAuts
   Orc:2: 1786 daAuts
    D:14: 1361 daAuts
  Lair:1: 1285 daAuts
     D:4: 1258 daAuts
  Lair:2: 1211 daAuts
    D:10: 1199 daAuts
  Lair:4: 1195 daAuts
     D:3: 968 daAuts
     D:6: 952 daAuts
     D:2: 890 daAuts
    D:12: 871 daAuts

Table legend:
 A = Non-vault XP
 B = Vault XP
 C = Vault XP percentage of total XP
 D = Non-vault monster count
 E = Vault monster count
 F = Vault count percentage of total count
                 A         B        C        D         E       F
            +---------+---------+-------+---------+---------+-------
      Total |  105490 |   65486 |  38.3 |     534 |     359 |  40.2
            +---------+---------+-------+---------+---------+-------
        D:1 |      20 |       4 |  16.7 |      13 |       2 |  13.3
        D:2 |      88 |      68 |  43.6 |      14 |       7 |  33.3
        D:3 |      59 |      15 |  20.3 |      12 |       1 |   7.7
        D:4 |     415 |       0 |   0.0 |      18 |       0 |   0.0
        D:5 |     892 |      10 |   1.1 |      17 |       1 |   5.6
        D:6 |     742 |       0 |   0.0 |      28 |       0 |   0.0
        D:7 |    1167 |      74 |   6.0 |       8 |       1 |  11.1
        D:8 |    1747 |    3629 |  67.5 |      19 |      26 |  57.8
        D:9 |    2370 |    3486 |  59.5 |      22 |      41 |  65.1
       D:10 |    2064 |     818 |  28.4 |      20 |       1 |   4.8
       D:11 |    1492 |     785 |  34.5 |      13 |       1 |   7.1
       D:12 |    2435 |    1542 |  38.8 |       8 |      22 |  73.3
       D:13 |    3368 |    8420 |  71.4 |      13 |      25 |  65.8
       D:14 |    4990 |    4685 |  48.4 |      17 |       5 |  22.7
       D:15 |   13372 |    1786 |  11.8 |      32 |       2 |   5.9
     Lair:1 |    7548 |     506 |   6.3 |      34 |       2 |   5.6
     Lair:2 |    7212 |    4449 |  38.2 |      27 |      13 |  32.5
     Lair:3 |   12481 |    3319 |  21.0 |      46 |       9 |  16.4
     Lair:4 |    8003 |    1612 |  16.8 |      23 |       3 |  11.5
     Lair:5 |   23237 |   11064 |  32.3 |      66 |      59 |  47.2
   Spider:1 |    3745 |    1378 |  26.9 |      10 |       1 |   9.1
      Orc:1 |    3405 |    3285 |  49.1 |      41 |       8 |  16.3
      Orc:2 |    4638 |    6568 |  58.6 |      33 |      76 |  69.7
     Bailey |       0 |     437 | 100.0 |       0 |      24 | 100.0
      IceCv |       0 |    3084 | 100.0 |       0 |      13 | 100.0
   Gauntlet |       0 |    4462 | 100.0 |       0 |      16 | 100.0
            +---------+---------+-------+---------+---------+-------
